Map: [ESL] NeoHumanity

Players

ByuN - Winner!

  • Race: Terran Terran
  • Spawn Location: 11:00

Elazer

  • Race: Zerg Zerg
  • Spawn Location: 5:00

Event: ESL SC2 Masters 2023 Summer (Finals)

VOD

Have the link to the VOD?

Description

Time

  • Played on: June 17, 2023, 10:44 a.m.
  • Length: 10:01

All games in this series

Show
View Real Time Build Order
Export as new Build Order

ByuN Terran - Winner!

Build Orders:  

Get SALT Encoding   

  12  0:00  SCV  
  13  0:12  SCV  
  14  0:17  Supply Depot  
  14  0:24  SCV  
  15  0:39  SCV  
  15  0:40  Barracks  
  16  0:42  Refinery  
  16  0:51  SCV  
  17  0:59  Barracks  
  17  1:03  SCV  
  18  1:15  SCV  
  19  1:27  Reaper  
  19  1:28  Orbital Command  
  20  1:35  Supply Depot  
  20  1:46  Reaper  
  21  1:54  SCV  
  22  2:01  Reaper  
  22  2:06  SCV  
  24  2:10  Command Center  
  24  2:18  SCV  
  24  2:19  Barracks Reactor  
  25  2:30  SCV  
  25  2:32  Supply Depot  
  26  2:42  SCV, Barracks Tech Lab  
  27  2:54  SCV, Command Center  
  27  2:55  Marine  
  27  2:57  Marine  
  30  3:02  Marine  
  31  3:06  SCV  
  31  3:10  Stimpack  
  32  3:15  Marine  
  32  3:18  SCV  
  34  3:24  Refinery  
  34  3:25  Orbital Command  
  34  3:28  Marine  
  34  3:32  SCV  
  37  3:35  Marine x2  
  38  3:44  SCV  
  38  3:45  Factory  
  38  3:47  Marine  
  40  3:51  SCV  
  40  3:53  Marine x2  
  43  3:56  SCV  
  44  4:03  SCV  
  44  4:05  Marine  
  44  4:06  Orbital Command  
  44  4:08  SCV  
  47  4:13  Marine x2  
  47  4:15  SCV  
  50  4:18  Supply Depot  
  50  4:20  SCV  
  50  4:23  Marine  
  52  4:26  Refinery  
  52  4:27  SCV  
  52  4:29  Starport, Factory Reactor  
  53  4:32  SCV x2  
  53  4:34  Marine  
  53  4:36  Marine  
  57  4:39  SCV  
  57  4:44  SCV  
  59  4:45  Marine  
  59  4:47  SCV  
  59  4:51  SCV, Combat Shield  
  62  4:55  Marine x2  
  62  4:56  SCV  
  62  4:59  SCV  
  66  5:00  Supply Depot  
  66  5:01  Engineering Bay  
  66  5:04  SCV  
  66  5:05  Engineering Bay, Marine  
  68  5:08  SCV  
  68  5:11  SCV, Factory Tech Lab  
  68  5:13  Refinery  
  70  5:16  SCV  
  70  5:19  Medivac, Marine x2  
  75  5:22  Marine, Medivac  
  75  5:26  SCV x2  
  80  5:31  Supply Depot  
  80  5:32  Terran Infantry Weapons Level 1  
  80  5:34  Terran Infantry Armor Level 1  
  80  5:37  Orbital Command  
  80  5:41  SCV x2  
  82  5:45  Siege Tank, Supply Depot  
  85  5:51  Barracks  
  85  5:54  SCV  
  85  5:55  SCV  
  87  6:03  Barracks  
  87  6:04  Marine x2  
  87  6:05  Barracks  
  87  6:06  Marine  
  87  6:07  SCV  
  87  6:08  SCV x2  
  93  6:13  Supply Depot  
  93  6:16  Armory  
  93  6:20  Siege Tank  
  93  6:21  SCV x2  
  93  6:22  SCV  
  93  6:25  Marine, Supply Depot  
  100  6:26  Marine  
  101  6:35  Medivac x2, Marine  
  101  6:39  SCV x3  
  109  6:41  Supply Depot  
  103  6:49  Barracks Reactor  
  103  6:51  Barracks Reactor, SCV x3  
  103  6:52  Barracks Reactor  
  106  6:55  Marine x2  
  106  6:56  Marine  
  106  6:58  Barracks  
  106  7:01  Barracks x2  
  109  7:03  SCV x2, Supply Depot  
  109  7:04  Supply Depot  
  111  7:09  Siege Tank  
  114  7:22  Terran Vehicle Weapons Level 1  
  111  7:23  Marine x2  
  111  7:24  Marine  
  111  7:27  Refinery  
  118  7:34  Marine x3  
  118  7:35  Marine x2  
  118  7:36  Marine, Terran Infantry Weapons Level 2  
  120  7:38  Terran Infantry Armor Level 2  
  120  7:41  Marine x3  
  123  7:44  Command Center  
  123  7:49  Barracks Reactor x2  
  123  7:50  SCV x2  
  123  7:51  SCV  
  126  7:52  Marine x4  
  126  7:53  Barracks Reactor, Marine  
  126  7:54  Marine  
  126  7:58  Supply Depot  
  132  7:59  Marine, Supply Depot  
  132  8:02  SCV  
  134  8:07  Marine x2  
  134  8:10  Marine x3  
  138  8:14  Marine x2  
  138  8:15  Marine  
  138  8:16  Command Center  
  138  8:19  Marine, Siege Tank  
  145  8:24  Marine  
  145  8:25  Marine x4  
  150  8:28  Marine, Supply Depot  
  150  8:31  Supply Depot  
  142  8:45  Marine x11  
  142  8:46  Marine x4  
  151  8:50  Medivac x2  
  151  8:52  Siege Tank  
  158  9:03  Marine x8  
  158  9:04  Marine x3  
  158  9:06  Marine x4  
  173  9:10  Supply Depot  
  173  9:22  Supply Depot  
  173  9:23  Supply Depot  
  173  9:25  Siege Tank  
  173  9:27  Marine x3  
  173  9:28  Marine x4  
  173  9:29  Marine x2  
  173  9:33  Marine x2  
  177  9:39  Marine  
  177  9:41  Marine x3  
Show
View Real Time Build Order
Export as new Build Order

Elazer Zerg 

Build Orders: Hatch First 

Get SALT Encoding   

  12  0:00  Drone  
  13  0:11  Overlord  
  13  0:16  Drone  
  14  0:30  Drone x2  
  16  0:48  Hatchery  
  15  0:50  Drone  
  15  0:54  Drone  
  15  0:57  Drone  
  18  1:07  Extractor  
  17  1:12  Spawning Pool  
  17  1:15  Drone  
  17  1:19  Drone  
  18  1:27  Drone  
  19  1:38  Drone  
  20  1:50  Drone  
  21  1:59  Queen x2  
  21  2:00  Zergling x4  
  27  2:12  Zergling x2, Overlord, Metabolic Boost  
  28  2:31  Hatchery  
  26  2:38  Queen  
  26  2:52  Zergling x4  
  26  2:56  Drone x3  
  31  3:00  Drone  
  32  3:08  Drone x2  
  33  3:17  Overlord  
  33  3:19  Drone  
  33  3:26  Overlord  
  33  3:38  Drone x2  
  35  3:42  Queen x2  
  35  3:47  Drone x2  
  41  3:52  Queen  
  41  3:53  Drone  
  44  3:56  Drone x2  
  44  4:00  Drone x2  
  48  4:04  Drone  
  48  4:07  Overlord  
  49  4:11  Baneling Nest  
  49  4:13  Drone  
  49  4:15  Overlord  
  49  4:25  Drone x6  
  49  4:31  Queen  
  57  4:32  Overlord  
  57  4:38  Zergling x8  
  59  4:41  Zergling x2  
  59  4:42  Zergling x2  
  63  4:46  Zergling x4  
  63  4:50  Zergling x2  
  63  4:51  Overlord x2  
  66  4:55  Zergling x6  
  66  4:58  Baneling x3  
  66  4:59  Baneling x2  
  68  5:01  Zergling x2  
  68  5:03  Zergling x4  
  68  5:06  Zergling x4  
  73  5:09  Zergling x4  
  75  5:14  Zergling x4  
  77  5:21  Overlord  
  77  5:30  Drone x6  
  77  5:33  Drone x3  
  77  5:34  Lair  
  86  5:38  Drone x2  
  88  5:46  Drone x2  
  88  5:49  Hatchery  
  89  5:50  Overlord  
  89  5:55  Drone x4, Extractor  
  89  5:56  Extractor  
  91  6:01  Drone x2  
  91  6:03  Baneling x3  
  91  6:04  Overlord  
  93  6:07  Drone x3  
  93  6:08  Drone  
  93  6:09  Extractor  
  96  6:16  Overlord  
  96  6:17  Zergling x8  
  100  6:23  Queen x2  
  100  6:24  Overlord  
  103  6:28  Zergling x4  
  103  6:29  Zergling x6  
  108  6:35  Zergling x2  
  108  6:36  Zergling x6  
  108  6:37  Centrifugal Hooks  
  111  6:44  Overlord  
  109  6:49  Drone x3  
  109  6:50  Drone x3  
  115  6:57  Overlord  
  115  6:59  Drone  
  116  7:02  Evolution Chamber  
  116  7:04  Drone x6, Evolution Chamber  
  120  7:10  Drone  
  120  7:13  Burrow  
  119  7:18  Overlord  
  119  7:20  Drone x5  
  119  7:23  Drone  
  119  7:26  Drone  
  119  7:27  Spore Crawler  
  119  7:28  Zerg Ground Armor Level 1  
  120  7:30  Drone x2  
  120  7:31  Spore Crawler, Zerg Melee Weapons Level 1  
  120  7:36  Zergling x16  
  129  7:37  Baneling x13  
  129  7:46  Zergling x10  
  134  7:54  Overlord  
  134  7:56  Zergling x14  
  141  8:06  Zergling x2  
  141  8:07  Zergling x16, Hatchery  
  143  8:13  Zergling x4  
  143  8:20  Extractor  
  143  8:21  Zergling x16, Hydralisk Den  
  143  8:24  Hatchery  
  148  8:33  Zergling x8  
  129  8:47  Zergling x22  
  127  8:49  Zergling x4  
  127  8:53  Baneling x7  
  127  8:55  Drone  
  130  8:58  Baneling x9  
  130  9:00  Zergling x10  
  135  9:03  Baneling x5  
  135  9:05  Zergling x4  
  137  9:15  Baneling x8  
  137  9:16  Zergling x14  
  144  9:20  Zergling x10  
  148  9:26  Zergling x14  
  141  9:33  Zergling x8  
Tags
 
Add a new tag
Caveats
  • Supply blocks, unpowered buildings, or Contaminate may cause inaccurate times.
  • Supply counts are checked every 10 seconds.